 Dungeon Crawl Stone Soup version 0.28-a0-769-g550dbda0cd (webtiles) character file.

Game seed: 6324057504264207518

7157 karkarkar the Grappler (level 10, -10/82 HPs)
             Began as a Troll Fighter on Oct 31, 2021.
             Was a Follower of Hepliaklqana.
             Killed from afar by a fire dragon (47 damage)
             ... with a blast of flame
             ... on level 10 of the Dungeon.
             The game lasted 00:35:40 (8954 turns).

karkarkar the Grappler (Troll Fighter)              Turns: 8954, Time: 00:35:44

Health: -10/82     AC:  7    Str: 27    XL:     10   Next: 86%
Magic:  9/9        EV: 19    Int:  4    God:    Hepliaklqana [*.....]
Gold:   578        SH:  9    Dex: 11    Spells: 9/9 levels left

rFire   . . .      SeeInvis .     - Unarmed
rCold   . . .      Faith    .   b - +0 kite shield
rNeg    . . .      Spirit   .   H - +0 steam dragon scales
rPois   .          Reflect  .   (helmet restricted)
rElec   .          Harm     .   (no cloak)
rCorr   .          Rampage  .   (gloves unavailable)
Will    .....                   (boots unavailable)
Stlth   ++........              (no amulet)
HPRegen 1.23/turn               n - +4 ring of evasion
MPRegen 0.11/turn               o - +4 ring of evasion

@: brilliant
A: reduced essence, large, unfitting armour, claws 3, regeneration 1, shaggy fur
1, tough skin 1
a: Renounce Religion, Recall Ancestor, Ancestor Identity


You were on level 10 of the Dungeon.
You worshipped Hepliaklqana.
Hepliaklqana was aware of your devotion.
You visited 2 branches of the dungeon, and saw 11 of its levels.

You collected 578 gold pieces.

Inventory:

Missiles
 a - a silver boomerang (quivered)
 e - 25 poisoned darts
 B - 6 datura-tipped darts
 G - 3 curare-tipped darts
 J - 4 boomerangs
 K - 2 boomerangs of dispersal
Armour
 b - a +0 kite shield (worn)
 F - a +1 robe
 H - +0 steam dragon scales (worn)
Jewellery
 n - a +4 ring of evasion (left claw)
 o - a +4 ring of evasion (right claw)
Wands
 c - a wand of polymorph (5)
 D - a wand of paralysis (5)
Scrolls
 h - a scroll of magic mapping
 i - 5 scrolls of teleportation
 k - 3 scrolls of enchant armour
 p - 4 scrolls of silence
 q - a scroll of fear
 t - 3 scrolls of immolation
 y - a scroll of noise
 z - a scroll of brand weapon
 A - a scroll of torment
 C - a scroll of acquirement {unknown}
 E - a scroll of amnesia {unknown}
Potions
 d - a potion of invisibility {unknown}
 f - a potion of mutation
 g - a potion of heal wounds {unknown}
 j - 2 potions of brilliance
 l - a potion of haste
 m - a potion of flight {unknown}
 r - 2 potions of curing
 u - 2 potions of ambrosia
 v - a potion of attraction {unknown}
 w - a potion of lignification {unknown}
 x - a potion of berserk rage {unknown}


   Skills:
 + Level 3.9 Fighting
 * Level 4.3 Throwing
 + Level 5.9 Dodging
 - Level 1.7 Stealth
 * Level 7.9 Shields
 + Level 10.8 Unarmed Combat


You had 9 spell levels left.
You didn't know any spells.
Your spell library contained the following spells:

 Spells                   Type           Power      Damage    Failure   Level
 Beastly Appendage        Tmut           0%         N/A       56%         1
 Foxfire                  Conj/Fire      0%         2x1d4     56%         1
 Corpse Rot               Necr/Air       0%         N/A       71%         2
 Poisonous Vapours        Pois/Air       0%         N/A       71%         2
 Static Discharge         Conj/Air       0%         N/A       71%         2
 Wereblood                Tmut           0%         N/A       71%         2
 Portal Projectile        Hex/Tloc       0%         N/A       91%         3
 Spider Form              Tmut/Pois      0%         N/A       91%         3
 Animate Armour           Summ/Erth      0%         N/A       100%        4
 Fulminant Prism          Conj/Hex       0%         3d6       100%        4
 Sticky Flame             Conj/Fire      0%         2d3       100%        4
 Blade Hands              Tmut           0%         N/A       100%        5
 Excruciating Wounds      Necr           0%         N/A       100%        5
 Starburst                Conj/Fire      0%         6d3       100%        6
 Borgnjor's Revivificati  Necr           0%         N/A       100%        8
 Necromutation            Tmut/Necr      0%         N/A       100%        8
 Death's Door             Necr           0%         N/A       100%        9
 Fire Storm               Conj/Fire      0%         5d1       100%        9


Dungeon Overview and Level Annotations

Branches:
Dungeon (10/15)            Temple (1/1) D:4             Orc (0/2) D:10
   Lair: D:8-11

Altars:
Ashenzari
Cheibriados
Dithmenos
Elyvilon
Fedhas
Gozag
Hepliaklqana
Kikubaaqudgha
Makhleb
Nemelex Xobeh
Okawaru
Qazlal
Ru
Sif Muna
Trog
Uskayaw
Vehumet
Wu Jian
Xom
Yredelemnul
Zin
The Shining One

Shops:
D:5 =

Annotations:
D:4 3 runed translucent doors, AttackTheMoon's ghost, amateur DrTm


Innate Abilities, Weirdness & Mutations

Your life essence is reduced to manifest your ancestor. (-10% HP)
You are too large for most types of armour.
You have claws for hands.
Your natural rate of healing is unusually fast.
You are covered in fur. (AC +1)
You have tough skin. (AC +1)


Message History

There is an open door here.
You open the door.
Found an escape hatch in the ceiling.
There is an open door here.
Found a stone staircase leading down.
Unknown command.
There is an escape hatch in the ceiling here.
You open the door.
There is an open door here.
You open the door.
The fire dragon roars deafeningly!
The fire dragon breathes flames at you. The blast of flame hits you!!!
Ouch! That really hurt!
Throw: boomerang (silver)
Press: ? - help, Q - select action, (/) - cycle Shift-Dir - straight line, f - fire dragon
Aim: a fire dragon (catching its breath, 67% to hit)
You throw a silver boomerang.
The silver boomerang barely misses the fire dragon.
Throw: boomerang (silver)
Press: ? - help, Q - select action, (/) - cycle Shift-Dir - straight line, f/p - fire dragon
Aim: a fire dragon (catching its breath, ally target, 67% to hit)
You throw a silver boomerang.
The silver boomerang hits the fire dragon.
The fire dragon is lightly wounded.
Tertia hits the fire dragon but does no damage.
Something barely misses Tertia.
Something claws Tertia but does no damage.
Something tramples Tertia but does no damage.
As you read the scroll of fog, it crumbles to dust.
The scroll dissolves into smoke.
Tertia hits the fire dragon but does no damage.
It was a potion of brilliance.
You feel clever all of a sudden. The fire dragon breathes flames at you.
The blast of flame hits Tertia!
Tertia resists.
The blast of flame hits you!!!
Ouch! That really hurt!
You die...

......# #..........#
#......... ...)).#
#......#####
#.......## ##))..#
#......# ######.##
#)#### #####.## .#
##.## ###..# # #)).#
#.R.## ))..#
###'##### .)..#
#....§§§#
....######....§§@#
....'...##....§§R###
....###.##.....§§D.#
....#
#..'....[..#...#
...≈§ ....#
####.......###....
...≈§§ ..###
#.......# ### ...≈§§
).## ######..#
###.!.≈§§ ...#
########.##
#####>..#..§§ #..#
#.......)..#
#............


You could see the friendly Tertia the ancestor and a fire dragon (catching
breath, ally target).

Vanquished Creatures
  Harold (D:7)
  A two-headed ogre (D:9)
  Maurice (D:8)
  A troll (D:8)
  A spriggan (D:8)
  A steam dragon (D:7)
  Duvessa (D:7)
  A water moccasin (D:7)
  A hornet zombie (D:7)
  An ice beast (D:6)
  2 black bears
  5 orc warriors
  2 ogres
  2 necrophages (D:5)
  2 centaurs
  2 bullfrogs
  A wyvern zombie (D:8)
  4 kobold brigands
  Blork the orc (D:4)
  A scorpion (D:5)
  A wyvern skeleton (D:6)
  Dowan (D:7)
  5 killer bees (D:8)
  7 wights
  5 howler monkeys
  A crimson imp (D:6)
  A centaur zombie (D:8)
  3 orc priests
  2 bullfrog zombies
  2 hounds (D:6)
  A bullfrog skeleton (D:5)
  2 gnoll shamans
  3 jellies
  A centaur skeleton (D:7)
  5 iguanas
  9 orc wizards
  3 scorpion zombies
  2 hound skeletons (D:4)
  A howler monkey zombie (D:4)
  13 gnolls
  A howler monkey skeleton (D:4)
  11 adders
  A shadow imp (D:6)
  2 white imps
  2 adder skeletons (D:4)
  2 adder zombies (D:4)
  3 dart slugs
  27 orcs
  16 ball pythons
  7 endoplasms
  2 giant cockroaches
  A hobgoblin (D:1)
  4 jackals (D:4)
  16 kobolds
  3 quokkas
  4 bats
  3 frilled lizards (D:1)
  5 goblins
  6 rats
216 creatures vanquished.

Vanquished Creatures (collateral kills)
  A two-headed ogre (D:9)
  Maggie (D:10)
  2 orc priests (D:9)
  5 orcs (D:10)
  3 kobolds (D:10)
12 creatures vanquished.

Vanquished Creatures (others)
  An orc priest (D:10)
  2 ancestors
  An orc (D:10)
  4 fungi (D:4)
  A plant (D:4)
  5 withered plants (D:4)
14 creatures vanquished.

Grand Total: 242 creatures vanquished

Notes
Turn   | Place    | Note
-------+----------+-------------------------------------------
     0 | D:1      | karkarkar the Troll Fighter began the quest for the Orb.
     0 | D:1      | Reached XP level 1. HP: 22/22 MP: 0/0
   134 | D:1      | Reached XP level 2. HP: 28/29 MP: 1/1
   847 | D:2      | Reached XP level 3. HP: 36/36 MP: 2/2
   962 | D:2      | Found a faded altar of an unknown god.
  1082 | D:2      | Reached XP level 4. HP: 44/44 MP: 3/3
  1157 | D:2      | Reached skill level 3 in Unarmed Combat
  1530 | D:3      | Got the Handbook of the Lethal Mountains
  1555 | D:3      | Reached XP level 5. HP: 52/52 MP: 4/4
  1995 | D:4      | Noticed a black bear
  2023 | D:4      | Killed a black bear
  2024 | D:4      | Reached skill level 4 in Unarmed Combat
  2024 | D:4      | Reached XP level 6. HP: 33/59 MP: 5/5
  2171 | D:4      | Reached skill level 1 in Stealth
  2527 | D:4      | Reached XP level 7. HP: 67/67 MP: 6/6
  2624 | D:4      | Found a bloodstained altar of Trog.
  2678 | D:4      | Noticed Blork the orc
  2695 | D:4      | Killed Blork the orc
  2824 | D:4      | Found a shadowy altar of Dithmenos.
  2836 | D:4      | Found a staircase to the Ecumenical Temple.
  2839 | D:4      | Found a stormy altar of Qazlal.
  2846 | D:4      | Found a runed translucent gate.
  2846 | D:4      | Found a runed translucent gate.
  2847 | D:4      | Found a runed translucent gate.
  2850 | D:4      | Noticed AttackTheMoon's ghost (amateur DrTm)
  2854 | D:4      | Noticed an air elemental
  2854 | D:4      | Noticed a fire elemental
  2855 | D:4      | Noticed a water elemental
  2940 | Temple   | Entered the Ecumenical Temple
  3564 | D:5      | Entered Level 5 of the Dungeon
  3689 | D:5      | Reached skill level 5 in Unarmed Combat
  3995 | D:5      | Found Giju's Jewellery Shoppe.
  4066 | D:5      | Reached XP level 8. HP: 74/75 MP: 7/7
  4070 | D:5      | Reached skill level 6 in Unarmed Combat
  4441 | D:6      | Reached skill level 5 in Shields
  4711 | D:6      | Reached skill level 7 in Unarmed Combat
  5048 | D:6      | Reached XP level 9. HP: 83/83 MP: 8/8
  5580 | D:6      | Reached skill level 5 in Dodging
  5792 | D:7      | Reached skill level 1 in Throwing
  5792 | D:7      | Reached skill level 8 in Unarmed Combat
  6089 | D:7      | Noticed Harold
  6107 | D:7      | HP: 1/83 [Harold (22)]
  6152 | D:7      | Killed Harold
  6264 | D:7      | Found an ornate altar of the Wu Jian Council.
  6403 | D:7      | Reached skill level 9 in Unarmed Combat
  6435 | D:7      | Noticed Duvessa
  6436 | D:7      | Noticed Dowan
  6446 | D:7      | Killed Dowan
  6452 | D:7      | Killed Duvessa
  6913 | D:8      | Found a shimmering blue altar of Sif Muna.
  6944 | D:8      | Reached XP level 10. HP: 66/92 MP: 9/9
  7026 | D:8      | Noticed Maurice
  7049 | D:8      | Killed Maurice
  7263 | D:8      | Got Lecuzys's Volume of the Enchanting Volcanoes
  7283 | D:8      | Found a hazy altar of Hepliaklqana.
  7284 | D:8      | Found a faded altar of an unknown god.
  7285 | D:8      | Paralysed by a spriggan for 2 turns
  7335 | D:8      | Became a worshipper of Hepliaklqana the Forgotten
  7498 | D:9      | Noticed a two-headed ogre
  7868 | D:9      | Found a blossoming altar of Fedhas.
  7872 | D:9      | Reached * piety under Hepliaklqana
  7938 | D:9      | Reached skill level 10 in Unarmed Combat
  7989 | D:9      | Noticed a two-headed ogre
  8000 | D:9      | Killed a two-headed ogre
  8140 | D:9      | Killed a two-headed ogre
  8335 | D:10     | Entered Level 10 of the Dungeon
  8378 | D:10     | Noticed Maggie
  8387 | D:10     | Killed Maggie
  8538 | D:10     | Found a staircase to the Orcish Mines.
  8660 | D:10     | Noticed a fire dragon
  8799 | D:10     | Found a sacrificial altar of Ru.
  8848 | D:10     | Identified the +0 plate armour of Truth {rElec Int+4}
  8954 | D:10     | Killed from afar by a fire dragon

Illustrated notes

Levels and vault maps discovered:
D:1:      minmay_arrival_loop, layout_loops_ring, minmay_misc_feat_cross
D:2:      layout_basic, shapermc_ecumenical_altar_flowoftime,
          minmay_snake_closets
D:3:      layout_rooms
D:4:      layout_layer_cave, nicolae_overflow_crystal_walls,
          nicolae_qazlal_style_of_elements, nicolae_overflow_hidden_temple,
          temple_fountains, serial_undead, serial_undead_b, serial_undead_b,
          serial_undead_d, serial_undead_e, gammafunk_ghost_nasty_kobolds,
          uniq_blork_the_orc
D:5:      layout_loops_cross, serial_shops, shop, kennysheep_small_spiral
D:6:      layout_layer_cave, minmay_fire_ice_demons
D:7:      layout_loops_ring, nzn_wu_jian_council_hall, uniq_duvessa, uniq_harold
D:8:      layout_basic, beargit_hepliaklqana_dungeon_heroes,
          mainiacjoe_overflow_24_doors, uniq_maurice
D:9:      layout_roguey, mainiacjoe_overflow_paths
D:10:     layout_roguey, lemuel_round_altar, minmay_lair_entry_lava,
          hiddenorc1_lemuel, lightli_wizard_tower, uniq_maggie
Temple:   nicolae_temple_great_sept

Skill      XL: |  1  2  3  4  5  6  7  8  9 10 |
---------------+-------------------------------+-----
Dodging        | 3 4 5 |  5.9
Unarmed Combat | 3 4 5 7 9 10 | 10.8
Shields        | 3 4 5 6 7 |  7.9
Stealth        | 1 |  1.7
Fighting       | 3 |  3.9
Throwing       | 2 4 |  4.3

Action                   |  1- 3 |  4- 6 |  7- 9 | 10-12 || total
-------------------------+-------+-------+-------+-------++-------
Melee: Unarmed           |    88 |   107 |   333 |   143 ||   671
Throw: Dart              |    19 |    30 |    58 |    21 ||   128
       Throwing net      |       |       |     1 |     1 ||     2
       Boomerang         |       |       |       |     2 ||     2
Invok: Recall Ancestor   |       |       |       |     2 ||     2
       Ancestor Identity |       |       |       |     1 ||     1
  Use: Potion            |     1 |     1 |     3 |     2 ||     7
       Scroll            |       |     1 |     9 |     6 ||    16
 Stab: Sleeping          |     1 |     1 |     6 |       ||     8
Armor: Robe              |    23 |    15 |    29 |     6 ||    73
       Steam dragon scal |       |       |       |     6 ||     6
Dodge: Dodged            |    25 |    87 |   186 |    83 ||   381
Block: Kite shield       |    19 |    57 |   111 |    50 ||   237

Table legend: (Time is in decaauts)
 A = Elapsed time spent in this place.
 B = Non-inter-level travel time spent in this place.
 C = Inter-level travel time spent in this place.
 D = Time resting spent in this place.
 E = Time spent auto-exploring this place.
 F = Levels seen in this place.
 G = Mean time per level.
                   A        B        C        D        E       F      G
               +--------+--------+--------+--------+--------+-----+--------+
         Total |   8964 |   8587 |    377 |    173 |   5711 |  11 |  814.9 |
       Dungeon |   8846 |   8491 |    355 |    173 |   5648 |  10 |  884.6 |
        Temple |    117 |     96 |     21 |      0 |     63 |   1 |  117.0 |
               +--------+--------+--------+--------+--------+-----+--------+

Top non-repeatable levels by time:
     D:4: 1555 daAuts
     D:6: 1428 daAuts
     D:7: 945 daAuts
     D:8: 842 daAuts
     D:9: 796 daAuts
     D:5: 732 daAuts
     D:2: 726 daAuts
     D:1: 636 daAuts
    D:10: 611 daAuts
     D:3: 571 daAuts
  Temple: 117 daAuts
